 Dungeon Crawl Stone Soup version 0.31.0-12-g77e489cdc1 (webtiles) character file.

Game seed: 17033552412307977007

2705 Killerpretzel the Mimic (level 9, -2/91 HPs)
             Began as an Octopode Shapeshifter on Feb 12, 2024.
             Slain by an orc warrior
             ... wielding a +0 halberd
              (13 damage)
             ... on level 8 of the Dungeon.
             The game lasted 00:12:30 (5630 turns).

Killerpretzel the Mimic (Octopode Shapeshifter)     Turns: 5630, Time: 00:12:31

Health: -2/91      AC: 24    Str: 13    XL:     9   Next: 65%
Magic:  9/9        EV:  2    Int: 13    God:
Gold:   382        SH:  0    Dex: 21    Spells: 4/8 levels left

rFire   . .          .
                       - Unarmed
rCold   + . .        (no shield)
rNeg    . . .        (helmet currently unavailable)
rPois   +            (no amulet)
rElec   .            e - ring of protection from cold
rCorr   .            h - +6 ring of dexterity
SInv    .            (no ring)
Will    .....        (no ring)
Stlth   ++           (no ring)
HPRegen 0.35/turn    (no ring)
MPRegen 0.11/turn    (no ring)
                     (no ring)

%: no passive effects
@: tree-form (expiring)
A: stationary, stasis, torment immunity, boosted hp, almost no armour,
(amphibious), 8 rings, (camouflage 1), (gelatinous body 1), (nimble swimmer 1),
(tentacles)
a: no special abilities


You were on level 8 of the Dungeon.
You were a tree.
You visited 2 branches of the dungeon, and saw 9 of its levels.

You collected 382 gold pieces.

Inventory:

Missiles
 y - 4 boomerangs (quivered)
Armour
 q - an orb of light
 t - a +0 hat
Jewellery
 e - a ring of protection from cold (left branch)
 h - a +6 ring of dexterity (right branch)
 l - a ring of protection from cold
Talismans
 b - a beast talisman
 c - a flux talisman
 o - a storm talisman
Wands
 m - a wand of charming (16)
 s - a wand of quicksilver (4)
 z - a wand of digging (4)
Scrolls
 g - a scroll of poison
 i - 2 scrolls of amnesia
 j - a scroll of teleportation
 v - a scroll of immolation
 w - a scroll of brand weapon {unknown}
 A - a scroll of identify
Potions
 a - 2 potions of lignification
 d - 2 potions of degeneration
 n - 2 potions of attraction {unknown}
 p - 2 potions of invisibility
 r - a potion of enlightenment {unknown}
 u - 2 potions of curing {unknown}
 x - 2 potions of magic {unknown}


   Skills:
 + Level 5.6 Fighting
 + Level 5.9 Dodging
 + Level 6.3 Unarmed Combat
 + Level 2.1 Translocations
 * Level 8.0 Shapeshifting


You had 4 spell levels left.
You knew the following spells:

 Your Spells              Type           Power      Damage    Failure   Level
a - Manifold Assault      Tloc           5%         N/A       78%         4

Your spell library contained the following spells:

 Spells                   Type           Power      Damage    Failure   Level
 Necrotise                Necr           0%         1d4       30%         1
 Sandblast                Erth           0%         2d4       30%         1
 Sting                    Conj/Alch      0%         1d3       30%         1
 Summon Small Mammal      Summ           0%         N/A       30%         1
 Mercury Vapours          Alch/Air       0%         N/A       43%         2
 Call Canine Familiar     Summ           0%         N/A       67%         3
 Frozen Ramparts          Ice            0%         1d1       67%         3
 Fugue of the Fallen      Necr           0%         N/A       67%         3
 Ozocubu's Armour         Ice            0%         N/A       67%         3
 Passwall                 Erth           0%         N/A       67%         3
 Stone Arrow              Conj/Erth      0%         3d7       67%         3
 Vampiric Draining        Necr           0%         2d6       67%         3
 Vhi's Electric Charge    Tloc/Air       4%         N/A       90%         4
 Brom's Barrelling Bould  Conj/Erth      0%         2d3       97%         4
 Leda's Liquefaction      Alch/Erth      0%         N/A       97%         4
 Martyr's Knell           Necr/Summ      0%         N/A       97%         4
 Olgreb's Toxic Radiance  Alch           0%         N/A       97%         4
 Petrify                  Alch/Erth      0%         N/A       97%         4
 Summon Blazeheart Golem  Fire/Summ      0%         N/A       97%         4
 Alistair's Intoxication  Alch           0%         N/A       100%        5
 Arcjolt                  Conj/Air       0%         1d10      100%        5
 Borgnjor's Vile Clutch   Necr/Erth      0%         N/A       100%        5
 Curse of Agony           Necr           0%         N/A       100%        5
 Metabolic Englaciation   Hex/Ice        0%         N/A       100%        5
 Eringya's Noxious Bog    Alch           0%         4d6       100%        6
 Plasma Beam              Fire/Air       0%         2x1d10    100%        6
 Maxwell's Capacitive Co  Air            0%         ∞         100%        8


Dungeon Overview and Level Annotations

Branches:
Dungeon (8/15)             Temple (1/1) D:7            Lair (0/5) D:8

Altars:
Cheibriados
Dithmenos
Elyvilon
Fedhas
Gozag
Hepliaklqana
Makhleb
Nemelex Xobeh
Okawaru
Ru
Sif Muna
Trog
Uskayaw
Wu Jian
Xom
Zin
The Shining One

Shops:
D:4 (   D:7 *

Annotations:
D:4 exclusion: 2 gnolls


Innate Abilities, Weirdness & Mutations

You are a tree.
Your roots penetrate the ground, keeping you stationary.
You cannot be teleported.
You are immune to unholy pain and torment.
Your maximum health is greatly increased.
You cannot wear most types of armour.
((You are amphibious.))
You can wear up to eight rings at the same time.
((Your skin changes colour to match your surroundings (Stealth+).))
((Your rubbery body absorbs attacks. (AC +1, EV +1)))
((You are camouflaged when in or above water. (Stealth+)))
((You have tentacles for arms and can constrict up to eight enemies at once.))


Message History

The orc warrior hits you but does no damage.
Something hits you but does no damage. Something hits you but does no damage.
The orc warrior hits you but does no damage.
The orc warrior hits you from afar with a +0 halberd!
Something hits you but does no damage.
The orc warrior hits you from afar with a +0 halberd!
Something hits you but does no damage. Something hits you but does no damage.
The orc warrior hits you from afar with a +0 halberd.
The orc warrior hits you from afar with a +0 halberd.
Something hits you but does no damage.
Aiming: Quicksilver Bolt
Press: ? - help, Shift-Dir - straight line, f - orc warrior
Aim: an orc warrior, wielding a +0 halberd and wearing a +0 plate armour (71% to hit)
The bolt of dispelling energy hits the orc warrior!
The orc warrior is heavily wounded.
Your transformation is almost over.
The orc warrior hits you from afar with a +0 halberd.
Something hits you but does no damage.
Aiming: Quicksilver Bolt
Press: ? - help, Shift-Dir - straight line, f/p - orc warrior
Aim: an orc warrior, wielding a +0 halberd and wearing a +0 plate armour (heavily wounded, 71% to hit)
The bolt of dispelling energy hits something!
Reactivating autopickup.
The sky beast's magical effects unravel!
The bolt of dispelling energy hits the orc warrior!
The orc warrior is almost dead.
You hear a loud, deep croak!
The sky beast hits you.
* * * LOW HITPOINT WARNING * * *
The sky beast shocks you.
* * * LOW HITPOINT WARNING * * *
The orc warrior hits you from afar with a +0 halberd.
* * * LOW HITPOINT WARNING * * *
Okay, then.
You smack the sky beast!
The sky beast is severely wounded.
The orc warrior hits you from afar with a +0 halberd!
You die...

##..............
##.....?........#
#...............#
#...............#
.................
.#...............
#...............
###)............
#.♣Y.......$...
#>##o...... ###
....... #...F..
..#~~~ ... .# ...
# ....


You could see an orc warrior, a sky beast and a bullfrog.

Vanquished Creatures
  A shadow (D:8)
  Sigmund (D:3)
  A yak (D:8)
  A steam dragon (D:6)
  A water moccasin (D:8)
  A sky beast (D:7)
  4 black bears
  An ice beast (D:5)
  An ogre (D:7)
  3 centaurs
  4 kobold brigands
  4 bullfrogs
  A scorpion (D:7)
  2 bombardier beetles
  2 hounds
  A gnoll bouda (D:8)
  An orc priest (D:7)
  2 iguanas (D:6)
  Jessica (D:3)
  Ijyb (D:3)
  Natasha (thrice) (D:3)
  2 orc wizards (D:7)
  5 adders
  A white imp (D:5)
  3 dart slugs
  12 orcs
  4 endoplasms
  5 giant cockroaches
  6 goblins
  5 hobgoblins
  22 kobolds
  5 quokkas
  8 ball pythons
  A bat (D:1)
  A frilled lizard (D:3)
  4 rats
121 creatures vanquished.

Notes
Turn   | Place    | Note
-------+----------+-------------------------------------------
     0 | D:1      | Killerpretzel the Octopode Shapeshifter began the quest for
                  | the Orb.
     0 | D:1      | Reached XP level 1. HP: 13/13 MP: 1/1
   139 | D:1      | Reached XP level 2. HP: 18/18 MP: 2/2
   286 | D:1      | Found a faded altar of an unknown god.
   586 | D:2      | Reached XP level 3. HP: 19/23 MP: 3/3
   702 | D:2      | Reached XP level 4. HP: 29/29 MP: 4/4
  1222 | D:3      | Noticed Natasha
  1231 | D:3      | Killed Natasha
  1292 | D:3      | Noticed Jessica
  1297 | D:3      | Killed Jessica
  1298 | D:3      | Reached skill level 4 in Shapeshifting
  1298 | D:3      | Reached XP level 5. HP: 27/34 MP: 5/5
  1334 | D:3      | Noticed Natasha
  1337 | D:3      | Killed Natasha
  1541 | D:3      | Noticed Sigmund
  1550 | D:3      | Killed Sigmund
  1551 | D:3      | Reached XP level 6. HP: 41/41 MP: 6/6
  1726 | D:3      | Noticed Ijyb
  1738 | D:3      | Killed Ijyb
  1897 | D:3      | Noticed Natasha
  1902 | D:3      | Killed Natasha
  2029 | D:4      | Reached skill level 5 in Shapeshifting
  2080 | D:4      | Reached XP level 7. HP: 45/46 MP: 7/7
  2297 | D:4      | Found Mecun's Antique Weapon Boutique.
  2626 | D:5      | Entered Level 5 of the Dungeon
  2671 | D:5      | Found an ornate altar of the Wu Jian Council.
  2700 | D:5      | Found a snail-covered altar of Cheibriados.
  2847 | D:5      | Found a glowing silver altar of Zin.
  3000 | D:5      | Found a hazy altar of Hepliaklqana.
  3655 | D:6      | Reached XP level 8. HP: 47/54 MP: 8/8
  3760 | D:6      | Reached skill level 5 in Unarmed Combat
  3760 | D:6      | Reached skill level 6 in Shapeshifting
  4149 | D:6      | Found a shimmering blue altar of Sif Muna.
  4484 | D:7      | Reached skill level 5 in Dodging
  4559 | D:7      | Found a staircase to the Ecumenical Temple.
  4567 | Temple   | Entered the Ecumenical Temple
  4592 | D:7      | Found Foxze Irch's Assorted Antiques.
  4742 | D:7      | Reached skill level 7 in Shapeshifting
  4905 | D:7      | Reached XP level 9. HP: 56/60 MP: 9/9
  4907 | D:7      | Reached skill level 5 in Fighting
  4912 | D:7      | Learned a level 4 spell: Manifold Assault
  5181 | D:7      | Identified the +1 chain mail of the Baku {-Tele Fly Dex+3}
  5527 | D:8      | Noticed a hornet
  5537 | D:8      | Found a staircase to the Lair.
  5549 | D:8      | Reached skill level 1 in Translocations
  5620 | D:8      | Reached skill level 8 in Shapeshifting
  5630 | D:8      | Slain by an orc warrior

Illustrated notes

Levels and vault maps discovered:
D:1:      dpeg_arrival_rooms_a, layout_rooms,
          shapermc_ecumenical_altar_mp_vishouse, ebering_dispersal_statue_hall
D:2:      layout_rooms
D:3:      layout_basic, kennysheep_generic_room_6, uniq_sigmund, uniq_jessica,
          uniq_natasha, uniq_ijyb
D:4:      layout_rooms, serial_shops, nicolae_shop_dealshenge, st_stairs_13,
          minmay_misc_feat_room
D:5:      layout_loops_ring, worldfamousw_hep_ancestral_shrine,
          amcnicky_altar_gilded, mainiacjoe_overflow_two_lobes
D:6:      layout_basic, nicolae_sif_muna_little_library
D:7:      layout_loops_ring, minmay_temple_entry_statues_fountains,
          serial_shops, nicolae_shop_tiny_glass, supply_closet_lemuel,
          minivault_19, moated_statue
D:8:      cheibrodos_ideogram_h, layout_cave_pods, lair_entry_dummy
Temple:   minmay_temple_bridge_abc

Skill      XL: |  1  2  3  4  5  6  7  8  9 |
---------------+----------------------------+-----
Fighting       | 2 3 4 5 |  5.6
Shapeshifting  | 4 5 7 8 |  8.0
Dodging        | 3 4 5 |  5.9
Unarmed Combat | 4 5 6 |  6.3
Translocations | 2 |  2.1

Action                     |  1- 3 |  4- 6 |  7- 9 || total
---------------------------+-------+-------+-------++-------
  Melee: Unarmed           |    36 |    64 |   186 ||   286
         Constrict         |    11 |    18 |    33 ||    62
         Tentacles         |    11 |    16 |    37 ||    64
         Punch             |     1 |     4 |    13 ||    18
  Evoke: Wand              |       |       |     2 ||     2
    Use: Scroll            |     1 |     4 |     7 ||    12
         Potion            |       |     1 |     5 ||     6
   Stab: Sleeping          |     1 |     6 |     9 ||    16
 Armour: Skin              |     9 |    16 |   163 ||   188
  Dodge: Dodged            |    25 |    33 |   112 ||   170
